 Dungeon Crawl Stone Soup version 0.27-a0-652-g2d5cf1dcd3 (webtiles) character file.

Game seed: 3773998921905768304

29 Ijustatesigmund the Skirmisher (level 3, 29/29 HPs)
             Began as a Demonspawn Fighter on Mar 16, 2021.
             Quit the game on level 1 of the Dungeon.
             The game lasted 00:00:55 (302 turns).

Ijustatesigmund the Skirmisher (Demonspawn Fighter)  Turns: 302, Time: 00:00:56

Health: 29/29      AC:  6    Str: 16    XL:     3   Next: 1%
Magic:  3/3        EV:  7    Int:  9    God:
Gold:   11         SH:  8    Dex: 13    Spells: 2/2 levels left

rFire    . . .     SeeInvis .   a - +0 war axe
rCold    . . .     Faith    .   c - +0 kite shield
rNeg     . . .     Spirit   .   b - +0 scale mail
rPois    .         Reflect  .   (no helmet)
rElec    .         Harm     .   (no cloak)
rCorr    .         Rampage  .   (no gloves)
Will     .....                  (no boots)
Stlth    ..........             (no amulet)
HPRegen  4.09/turn              (no ring)
MPRegen  0.08/turn              (no ring)

@: no status effects
A: claws 1, powered by death 1
a: no special abilities


You were on level 1 of the Dungeon.
You visited 1 branch of the dungeon, and saw 1 of its levels.

You collected 11 gold pieces.

Inventory:

Hand Weapons
 a - a +0 war axe (weapon)
Armour
 b - a +0 scale mail (worn)
 c - a +0 kite shield (worn)
Potions
 d - a potion of might


   Skills:
 + Level 3.3 Fighting
 * Level 2.6 Axes
 - Level 2.6 Armour
 + Level 1.0 Dodging
 - Level 2.6 Shields


You had 2 spell levels left.
You didn't know any spells.
Your spell library was empty.

Dungeon Overview and Level Annotations

Branches:
Dungeon (1/15)

Altars:


Innate Abilities, Weirdness & Mutations

You have sharp fingernails.
You regenerate a little health from kills.


Message History

Your shield prevents you from hitting the jackal.
The jackal completely misses you.
The jackal bites you but does no damage.
The giant cockroach bites you.
A jackal comes into view.
The jackal bites you.
The jackal bites you but does no damage.
The giant cockroach bites you but does no damage.
The jackal barks!
You slash the ooze!
The ooze is severely wounded.
You hit the jackal but do no damage. You closely miss the giant cockroach.
You barely miss the jackal. The jackal bites you. The jackal barely misses you.
The giant cockroach closely misses you. The ooze barely misses you.
The jackal bites you but does no damage. x2
You block the giant cockroach's attack. The ooze barely misses you.
You block the jackal's attack. x2
You hit the ooze.
You kill the ooze!
You closely miss the jackal. You slash the giant cockroach!
You kill the giant cockroach!
You slash the jackal!
You kill the jackal!
You block the jackal's attack. The jackal bites you.
Your Dodging skill increases to level 1!
You slash the jackal!
You kill the jackal!
Your scale mail prevents you from hitting the jackal.
The jackal barely misses you. You block the jackal's attack.
You closely miss the jackal. You block the jackal's attack.
The jackal bites you but does no damage.
You closely miss the jackal. You block the jackal's attack. x2
You slash the jackal!
You kill the jackal!
You have reached level 3!
Your experience leads to an increase in your attributes!
Increase (S)trength, (I)ntelligence, or (D)exterity?
You feel agile.
Your demonic ancestry asserts itself...
Your fingernails lengthen.
Are you sure you want to abandon this character and quit the game? (Confirm with "yes".)

#......##.#.......#
...##...#.††........# #
#..........).#....#.#
..##..##..####.##.......
#............#......#...
#....$..............# #.
...............#......
......)††..........####
#..)..†@....##.......
......#..#............
###...................
...#...##............
.## #................
#.###.##........ .. #.
....... ..# ## #......


There were no monsters in sight!

Vanquished Creatures
  An ooze (D:1)
  3 giant cockroaches (D:1)
  2 goblins (D:1)
  7 jackals (D:1)
  4 bats (D:1)
  A frilled lizard (D:1)
  3 kobolds (D:1)
  3 rats (D:1)
24 creatures vanquished.

Notes
Turn   | Place    | Note
-------+----------+-------------------------------------------
     0 | D:1      | Ijustatesigmund the Demonspawn Fighter began the quest for
                  | the Orb.
     0 | D:1      | Reached XP level 1. HP: 18/18 MP: 1/1
   160 | D:1      | Gained mutation: You regenerate a little health from kills.
                  | [demonic ancestry]
   160 | D:1      | Reached XP level 2. HP: 20/24 MP: 2/2
   298 | D:1      | Reached skill level 1 in Dodging
   302 | D:1      | Gained mutation: You have sharp fingernails. [demonic
                  | ancestry]
   302 | D:1      | Reached XP level 3. HP: 29/29 MP: 3/3
   302 | D:1      | Quit the game

Illustrated notes

Levels and vault maps discovered:
D:1:      saegor_arrival_simple_e, layout_rooms, minmay_split_cup_large

Skill      XL: |  1  2 |
---------------+-------+-----
Axes           | 2 |  2.6
Dodging        | 1 |  1.0
Fighting       | |  3.3
Armour         | |  2.6
Shields        | |  2.6

Action                   || total
-------------------------++-------
Melee: War axe           ||    45
Armor: Scale mail        ||    42
Dodge: Dodged            ||    36
Block: Kite shield       ||    49

Table legend: (Time is in decaauts)
 A = Elapsed time spent in this place.
 B = Non-inter-level travel time spent in this place.
 C = Inter-level travel time spent in this place.
 D = Time resting spent in this place.
 E = Time spent auto-exploring this place.
 F = Levels seen in this place.
 G = Mean time per level.
                   A        B        C        D        E       F      G
               +--------+--------+--------+--------+--------+-----+--------+
         Total |    330 |    330 |      0 |    177 |     51 |   1 |  330.0 |
       Dungeon |    330 |    330 |      0 |    177 |     51 |   1 |  330.0 |
               +--------+--------+--------+--------+--------+-----+--------+

Top non-repeatable levels by time:
     D:1: 330 daAuts
